 Dungeon Crawl Stone Soup version 0.21.1-1-g345015f (webtiles) character file.

303 inc the Digger (level 6, -3/36 HPs)
             Began as an Octopode Earth Elementalist on June 10, 2018.
             Was an Initiate of Elyvilon.
             Slain by Duvessa
             ... wielding a +1 short sword of venom
              (9 damage)
             ... on level 6 of the Dungeon.
             The game lasted 00:06:26 (4397 turns).

inc the Digger (Octopode Earth Elementalist)        Turns: 4397, Time: 00:06:26

Health: -3/36      AC:  1    Str:  7    XL:     6   Next: 38%
Magic:  5/9        EV: 13    Int: 22    God:    Elyvilon [......]
Gold:   174        SH:  0    Dex: 13    Spells: 3/9 levels left

rFire    . . .     SeeInvis .   e - +2 dagger (freeze)
rCold    . . .     Gourm    .   (no shield)
rNeg     . . .     Faith    .   (helmet restricted)
rPois    .         Spirit   .   (no amulet)
rElec    .         Reflect  .   o - +3 ring of intelligence
rCorr    .         Harm     .   (no ring)
MR       .....                  (no ring)
Stlth    +++.......             (no ring)
HPRegen  0.12/turn              (no ring)
MPRegen  0.11/turn              (no ring)
                                (no ring)
                                (no ring)

@: lethally poisoned (-3 -> -10)
A: almost no armour, stealthy swim, amphibious, 8 rings, constrict 8, camouflage
1, gelatinous body 1
a: Renounce Religion


You were on level 6 of the Dungeon.
You worshipped Elyvilon.
Elyvilon was noncommittal.
You were not hungry.

You visited 2 branches of the dungeon, and saw 7 of its levels.

You collected 174 gold pieces.

Inventory:

Hand Weapons
 e - a +2 dagger of freezing (weapon)
Missiles
 b - 7 stones (quivered)
Jewellery
 o - a +3 ring of intelligence (left tentacle)
Scrolls
 a - a scroll of amnesia {unknown}
 f - a scroll of blinking {unknown}
 g - 2 scrolls of noise
 h - a scroll of teleportation {unknown}
 j - a scroll of enchant armour {unknown}
 m - a scroll of remove curse {unknown}
 r - a scroll of enchant weapon {unknown}
 t - a scroll of fog {unknown}
Potions
 i - a potion of degeneration {unknown}
 l - a potion of magic
 n - 2 potions of curing
 p - a potion of agility
 s - a potion of flight {unknown}
Books
 d - a book of Geomancy

   Spells                             Type                      Level
   a - Sandblast                      Earth                        1
   b - Passwall                       Transmutation/Earth          2
   c - Stone Arrow                    Conjuration/Earth            3
   d - Petrify                        Transmutation/Earth          4
   e - Lee's Rapid Deconstruction     Earth                        5
Comestibles
 c - 9 rations


   Skills:
 - Level 2.0 Dodging
 - Level 2.6 Stealth
 - Level 2.0 Spellcasting
 + Level 0.0 Conjurations
 - Level 1.0 Transmutations
 - Level 7.0 Earth Magic


You had 3 spell levels left.
You knew the following spells:

 Your Spells              Type           Power        Failure   Level  Hunger
a - Sandblast             Erth           ####..       1%          1    #......
b - Passwall              Tmut/Erth      ###.......   4%          2    ##.....
c - Stone Arrow           Conj/Erth      ###...       10%         3    ###....


Dungeon Overview and Level Annotations

Branches:
Dungeon (6/15)             Temple (1/1) D:6

Altars:
Cheibriados
Dithmenos
Elyvilon
Fedhas
Kikubaaqudgha
Okawaru
Qazlal
Ru
Sif Muna
Trog
Uskayaw
Vehumet
Wu Jian
Xom
The Shining One

Annotations:
D:3 Sigmund
D:4 Kagorn's ghost, novice OgBe
D:6 Dowan; Duvessa; Edmund


Innate Abilities, Weirdness & Mutations

You cannot wear most types of armour.
You are very stealthy in the water. (Stealth+)
You are amphibious.
You can wear up to eight rings at the same time.
You can use your tentacles to constrict eight enemies at once.
Your skin changes colour to match your surroundings (Stealth+).
Your rubbery body absorbs attacks. (AC +1, EV +1)


Message History

The blast of sand hits the hornet zombie.
The hornet zombie is severely damaged.
b - 7 stones The hornet zombie hits you!
The phantom hits you!
* * * LOW HITPOINT WARNING * * *
The hornet zombie hits you! Elyvilon protects you from harm!
Duvessa drinks a potion.
Duvessa seems to speed up.
The phantom barely misses you. The hornet zombie misses you.
Dowan, Brother of Duvessa comes into view.
He is wielding a dagger of draining.
Dowan casts a spell.
Dowan blinks!
The phantom closely misses you.
Edmund the Younger comes into view.
He is wielding a flail of crushing.
Duvessa hits you with a short sword of venom.
* * * LOW HITPOINT WARNING * * *
You are lethally poisoned!
Edmund drinks a potion.
Edmund suddenly seems more agile.
Duvessa hits you with a short sword of venom!
You die...

*,>**,...#.#.#.#.#..#
*,,,,,,
*,****#.............#
***,,,, *,*
#?.#.......#..# **,,,
*,* #.............#
###,,, *,*
*.[#...>...#..# #..,,,
*>* *#......s....#*
#.#,,, *,* #.#....W..#.#
#.#,,, *,* #)..$..Ze...#
#.#,,, *,*
#.#.#.#@#.#.#######.#***
*,*
#........[..........#
*,*
##.####.####.######.####
*,**** #.,,...# #.#
#........ *,,,,*
***###.# #.# #.##.####
*,**,* #ยง# *#.#*#,*#.#
*,**,* #.# *.#....##.###
*,**,* #@#**#..........#
****,***
*,**,,.>.######.#


You could see Edmund, a phantom, Duvessa, a hornet zombie and a giant cockroach.

Vanquished Creatures
  A howler monkey (Temple)
  A crimson imp (D:5)
  A hound (D:5)
  A jelly (D:5)
  An iguana (Temple)
  A worker ant (D:5)
  4 adders
  3 worms
  A dart slug (D:1)
  2 leopard geckos
  An orc (D:5)
  5 bats
  2 giant cockroaches
  5 goblins
  7 hobgoblins
  9 jackals (D:3)
  2 quokkas
  6 frilled lizards
  7 kobolds
  A leopard gecko skeleton (D:2)
  12 rats
73 creatures vanquished.

Notes
Turn   | Place    | Note
-------+----------+-------------------------------------------
     0 | D:1      | inc the Octopode Earth Elementalist began the quest for the Orb.
     0 | D:1      | Reached XP level 1. HP: 11/11 MP: 3/3
   628 | D:1      | Reached XP level 2. HP: 13/17 MP: 3/5
  1397 | D:1      | Reached skill level 4 in Earth Magic
  1477 | D:2      | Reached XP level 3. HP: 13/21 MP: 6/6
  1585 | D:2      | Learned a level 2 spell: Passwall
  1589 | D:2      | Learned a level 3 spell: Stone Arrow
  2567 | D:3      | Reached XP level 4. HP: 26/27 MP: 7/7
  2751 | D:3      | Found a stormy altar of Qazlal.
  2765 | D:3      | Reached skill level 5 in Earth Magic
  2802 | D:3      | Noticed Sigmund
  3282 | D:2      | Found a blossoming altar of Fedhas.
  3512 | D:4      | Noticed Kagorn's ghost (novice OgBe)
  3578 | D:5      | Entered Level 5 of the Dungeon
  3629 | D:5      | Reached XP level 5. HP: 31/31 MP: 5/8
  3637 | D:5      | Reached skill level 6 in Earth Magic
  3986 | D:5      | Reached XP level 6. HP: 36/36 MP: 5/9
  3996 | D:6      | Noticed Duvessa
  4013 | D:6      | Found a staircase to the Ecumenical Temple.
  4016 | D:6      | Noticed a phantom
  4022 | Temple   | Entered the Ecumenical Temple
  4032 | Temple   | Reached skill level 7 in Earth Magic
  4381 | Temple   | Became a worshipper of Elyvilon the Healer
  4394 | D:6      | Elyvilon protects you from harm!
  4396 | D:6      | Noticed Dowan
  4397 | D:6      | Noticed Edmund
  4397 | D:6      | Slain by Duvessa

Skill      XL: |  1  2  3  4  5  6 |
---------------+-------------------+-----
Earth Magic    | 4 5 6 7 |  7.0
Dodging        | |  2.0
Stealth        | |  2.6
Spellcasting   | |  2.0
Transmutations | |  1.0

Action                   |  1- 3 |  4- 6 || total
-------------------------+-------+-------++-------
Melee: Unarmed           |    41 |       ||    41
       Constrict         |    18 |     8 ||    26
       Tentacles         |     9 |     3 ||    12
       Dagger            |    38 |    35 ||    73
 Cast: Sandblast         |    12 |    34 ||    46
  Use: Scroll            |       |     6 ||     6
 Stab: Sleeping          |    18 |     9 ||    27
  Eat: Chunk             |     5 |     5 ||    10
       Ration            |       |     1 ||     1
Armor: Skin              |     5 |     2 ||     7
Dodge: Dodged            |    49 |    36 ||    85
